 Dungeon Crawl Stone Soup version 0.19-a0-76-g295c512 (webtiles) character file.

53 Duffy the Ruffian (level 3, 0/31 HPs)
             Began as a Draconian Fighter on May 12, 2016.
             Slain by a giant gecko (5 damage)
             ... on level 2 of the Dungeon.
             The game lasted 00:02:15 (1684 turns).

Duffy the Ruffian (Draconian Fighter)               Turns: 1684, Time: 00:02:16

Health: 0/31       AC:  5    Str: 19    XL:     3   Next: 64%
Magic:  3/3        EV: 10    Int:  8    God:
Gold:   167        SH:  9    Dex: 10    Spells: 0 memorised, 2 levels left

rFire  . . .     SeeInvis .       - Unarmed
rCold  . . .     Gourm    .     (armour unavailable)
rNeg   . . .     Faith    .     a - +0 shield
rPois  .         Spirit   .     (helmet restricted)
rElec  .         Dismiss  .     (no cloak)
rCorr  .         Reflect  .     (no gloves)
SustAt .         Harm     .     (no boots)
MR     .....                    (no amulet)
Stlth  +.........               (no ring)
                                f - +2 ring of slaying

@: not resistant to hostile enchantments, very unstealthy
A: unfitting armour, cold-blooded, AC +5
a: no special abilities


You were on level 2 of the Dungeon.
You were not hungry.

You visited 1 branch of the dungeon, and saw 3 of its levels.

You collected 167 gold pieces.


Innate Abilities, Weirdness & Mutations

Your plain brown scales are hard (AC +5).
Your body does not fit into most forms of armour.
You are cold-blooded and may be slowed by cold attacks.


   Skills:
 - Level 3.2 Fighting
 - Level 2.6 Dodging
 - Level 3.0 Shields
 + Level 4.0 Unarmed Combat


You had 2 spell levels left.
You didn't know any spells.

Inventory:

Armour
 a - a +0 shield (worn)
Jewellery
 f - a +2 ring of slaying (left hand)
Wands
 p - a wand of flame (11/48)
Scrolls
 e - a scroll of enchant weapon {unknown}
 i - a scroll of recharging {unknown}
 k - a scroll of remove curse {unknown}
 m - a scroll of random uselessness {unknown}
 n - a scroll of amnesia {unknown}
 r - a scroll of fear {unknown}
 s - a scroll of noise {unknown}
Potions
 b - a potion of might
 g - 3 potions of flight
 h - a potion of berserk rage
 j - 2 potions of curing
 q - 2 potions of brilliance
Comestibles
 c - a bread ration
 d - 11 fruits
 l - a meat ration
 o - a chunk of flesh

Dungeon Overview and Level Annotations

Branches:
Dungeon (3/15)

Altars:
Yredelemnul

Annotations:
D:3 Sigmund


Message History

You are too confused!
The goblin hits you but does no damage. Sigmund casts a spell at you.
You are more confused.
You bump into the rock wall.
The goblin hits you but does no damage.
Sigmund mumbles some strange words.
Sigmund flickers and vanishes!
Deactivating autopickup; reactivate with Ctrl-A.
The giant gecko bites you.
You punch the goblin!
You kill the goblin!
The giant gecko closely misses you. The giant gecko barely misses you.
Things that are here:
a dagger; a goblin corpse You're too confused to move!
The giant gecko bites you but does no damage.
You're too confused to move!
The giant gecko misses you. Something hits you.
The giant gecko barely misses you. The giant gecko barely misses you.
The giant gecko barely misses you.
You feel less confused. The giant gecko barely misses you. Something hits you!
The giant gecko hisses menacingly.
The giant gecko closely misses you. The giant gecko misses you.
Sigmund appears from thin air!
Reactivating autopickup.
Sigmund casts a spell.
Sigmund flickers and vanishes!
Deactivating autopickup; reactivate with Ctrl-A.
The giant gecko closely misses you.
You are confused.
There is a stone staircase leading up here.
The giant gecko bites you but does no damage.
In your confused state, you trip and fall back down the stairs.
The giant gecko bites you.
A magic dart appears from out of thin air!
The magic dart hits you! The giant gecko bites you.
The giant gecko barely misses you.
You climb upwards.
There is a stone staircase leading down here.
You're too confused to move!
The giant gecko bites you but does no damage.
The giant gecko bites you.
You hit the giant gecko.
Your tail-slap misses the giant gecko.
The giant gecko is heavily wounded.
You feel less confused. The giant gecko bites you.
You die...

#...# #.#.# #.#.# #.#.###
#.#.... #.#####
################ #.....#
#..............# #########.#
#..........@...###....###...
#..........l>....'....+.....
############'#####....###..#
####................
#....###.##.#####..# #.####
#.##.....#..#
#.######.######%#...
#..........%.##.....
#........###.#####..


You could see a giant gecko.

Action                   || total
-------------------------++-------
Melee: Unarmed           ||    97
       Tailslap          ||    10
  Use: Scroll            ||     4
  Eat: Chunk             ||     2
Armor: Skin              ||    29
Dodge: Dodged            ||    43
Block: Shield            ||    44

Notes
Turn   | Place    | Note
--------------------------------------------------------------
     0 | D:1      | Duffy the Draconian Fighter began the quest for the Orb.
     0 | D:1      | Reached XP level 1. HP: 19/19 MP: 1/1
   460 | D:1      | Reached XP level 2. HP: 24/26 MP: 2/2
   792 | D:1      | Reached skill level 3 in Unarmed Combat
  1035 | D:2      | Reached XP level 3. HP: 31/31 MP: 3/3
  1036 | D:2      | Found a basalt altar of Yredelemnul.
  1527 | D:3      | Reached skill level 4 in Unarmed Combat
  1647 | D:3      | Noticed Sigmund
  1684 | D:2      | Slain by a giant gecko

Skill      XL: |  1  2  3 |
---------------+----------+-----
Unarmed Combat | 3 4 |  4.0
Fighting       | |  3.2
Dodging        | |  2.6
Shields        | |  3.0

Vault maps used:
D:1:      dpeg_arrival_refuge
D:2:      yredelemnul_altar_generic
D:3:      uniq_sigmund

Vanquished Creatures
  An adder
  A dart slug
  3 giant geckos
  An orc
  4 goblins
  3 hobgoblins
  5 jackals
  5 kobolds
  A quokka
  A ball python
  5 bats
  3 giant newts
  5 rats
38 creatures vanquished.
